 Dungeon Crawl Stone Soup version 0.29.1-1-gd02db6906a (webtiles) character file.

Game seed: 9938101856048843785

2433 hawla the Zephyrmancer (level 10, -1/73 HPs)
             Began as a Meteoran Air Elementalist on Oct 15, 2022.
             Was a Follower of Vehumet.
             Slain by a wyvern (4 damage)
             ... on level 7 of the Dungeon.
             The game lasted 00:15:23 (3664 turns).

hawla the Zephyrmancer (Meteoran Air Elementalist)  Turns: 3664, Time: 00:15:24

Health: -1/73      AC:  7    Str: 10    XL:     10   Next: 5%
Magic:  20/20      EV: 17    Int: 22    God:    Vehumet [*.....]
Gold:   417        SH:  0    Dex: 12    Spells: 14/21 levels left

rFire   . . .      SeeInvis .   d - +0 long sword
rCold   . . .      Faith    .   (no shield)
rNeg    . . .      Spirit   .   a - +1 robe
rPois   .          Reflect  .   (no helmet)
rElec   .          Harm     .   w - +0 cloak
rCorr   .          Rampage  .   (no gloves)
Will    +....                   y - +0 pair of boots
Stlth   +.........              (no amulet)
HPRegen 0.22/turn               s - +4 ring of evasion
MPRegen 0.17/turn               (no ring)

@: glowing
A: sense surroundings 2, otherworldly, glowing, explore regen, iridescent scales
1, clumsy 1, noise suppression
a: Renounce Religion


You were on level 7 of the Dungeon.
You worshipped Vehumet.
Vehumet was aware of your devotion.
You visited 2 branches of the dungeon, and saw 8 of its levels.

You collected 417 gold pieces.

Inventory:

Hand Weapons
 d - a +0 long sword (weapon)
Armour
 a - a +1 robe (worn)
 w - a +0 cloak (worn)
 y - a +0 pair of boots (worn)
Magical Staves
 v - a staff of cold
Jewellery
 e - a ring of fire
 s - a +4 ring of evasion (left hand)
Wands
 z - a wand of acid (11) (quivered)
Scrolls
 f - a scroll of butterflies
 o - a scroll of magic mapping
 r - 2 scrolls of teleportation
 t - a scroll of poison
 u - a scroll of immolation {unknown}
 x - 2 scrolls of identify
Potions
 b - a potion of magic
 c - 3 potions of heal wounds {unknown}
 g - 2 potions of mutation
 h - a potion of resistance
 i - 2 potions of haste {unknown}
 j - 2 potions of curing {unknown}
 k - a potion of berserk rage
 l - a potion of might {unknown}
 m - 2 potions of lignification {unknown}
 n - a potion of ambrosia {unknown}
 p - 2 potions of invisibility {unknown}


   Skills:
 + Level 2.2 Fighting
 + Level 4.5 Long Blades
 + Level 4.3 Dodging
 - Level 1.4 Stealth
 + Level 6.4 Spellcasting
 + Level 3.9 Conjurations
 + Level 11.8 Air Magic


You had 14 spell levels left.
You knew the following spells:

 Your Spells              Type           Power      Damage    Failure   Level
a - Shock                 Conj/Air       100%       1d9       1%          1
b - Static Discharge      Conj/Air       41%        3-9/arc   1%          2
c - Airstrike             Air            28%        2d(4-20)  1%          4

Your spell library contained the following spells:

 Spells                   Type           Power      Damage    Failure   Level
 Sandblast                Erth           14%        2d6       9%          1
 Swiftness                Air            56%        N/A       1%          3
 Ensorcelled Hibernation  Hex/Ice        14%        N/A       13%         2
 Passwall                 Tmut/Erth      5%         N/A       13%         2
 Silence                  Hex/Air        16%        N/A       22%         5
 Confusing Touch          Hex            7%         N/A       26%         3
 Passage of Golubria      Tloc           7%         N/A       65%         4
 Yara's Violent Unravell  Hex/Tmut       3%         3d4       94%         5
 Enfeeble                 Hex            3%         N/A       100%        7
 Lehudib's Crystal Spear  Conj/Erth      7%         10d3      100%        8


Dungeon Overview and Level Annotations

Branches:
Dungeon (7/15) Zot: 565    Temple (1/1) D:5 Zot: 529

Altars:
Ashenzari
Cheibriados
Dithmenos
Elyvilon
Fedhas
Gozag
Hepliaklqana
Kikubaaqudgha
Nemelex Xobeh
Okawaru
Qazlal
Ru
Sif Muna
Trog
Uskayaw
Vehumet
Wu Jian
Xom
Yredelemnul
Zin
The Shining One


Innate Abilities, Weirdness & Mutations

You passively map the area around you.
You are easily found by Zot.
You glow in the dark.
You regain HP and MP as you explore.
You are partially covered in iridescent scales. (AC +2)
You are clumsy. (Dex -2)
You passively dampen the noise of your surroundings.


Message History

Confirm with . or Enter, or press ? or * to list all spells.
Aiming: Shock (safe; 1% risk of failure)
Press: ? - help, Shift-Dir - straight line, f - wight
Aim: a wight, wielding a +4 battleaxe and wearing a +0 robe (74% to hit)
The zap hits the wight.
The wight is moderately damaged.
Casting: Shock (safe; 1% risk of failure)
Confirm with . or Enter, or press ? or * to list all spells.
Aiming: Airstrike (mildly dangerous; 1% risk of failure)
Press: ? - help, Dir - move target, f/p - wight
Aim: a wight, wielding a +4 battleaxe and wearing a +0 robe (moderately damaged, empty space bonus: 2/8)
The air twists around and strikes the wight.
The wight is heavily damaged.
Casting: Airstrike (mildly dangerous; 1% risk of failure)
Confirm with . or Enter, or press ? or * to list all spells.
The wight is struck by an arc of lightning!
You destroy the wight!
Vehumet accepts your kill.
You are struck by an arc of lightning.
A wight comes into view. It is wielding a +0 hand axe.
A wight comes into view. It is wielding a +0 scimitar.
Things that are here:
a +0 battleaxe; a +0 robe A wight is nearby!
A wight is nearby!
You open the door.
A wyvern comes into view.
The wyvern hisses angrily.
The wyvern bites you! x2
* * * LOW HITPOINT WARNING * * *
There is an open door, spattered with blood here.
The wyvern bites you!
* * * LOW HITPOINT WARNING * * *
Unknown command.
It was a potion of mutation.
You feel extremely strange.
You feel your surroundings grow quieter.
Iridescent scales grow over part of your body.
You feel clumsy. The wyvern barely misses you. The wyvern bites you.
You die...

* , * , * * * #. ,
##.....## * .. ,
##.......## * , #z
*#.........# * ,* #. ,
+.........+ , , #. ,,
#.........#** ,, #.* *
#.......# * * ##z##
#.....# * , , #...###
*#l@.#* * #.#.z.# ##z##
* , * #.>.#.# #.# ,
#####.#########.# *
#..z...z..##z## ***
#..######.#...#########.
#...### #......#........
#.....###.#........#####
#......##.##.###.#.#


You could see a wyvern and 2 wights.

Vanquished Creatures
  Pikel (D:4)
  Maggie (D:7)
  Sigmund (D:4)
  A water moccasin (D:5)
  2 orc warriors
  A black bear (D:6)
  2 kobold brigands (D:6)
  A bullfrog (D:6)
  3 scorpions
  3 wights (D:7)
  A howler monkey (D:4)
  4 hounds
  2 orc priests (D:5)
  3 iguanas
  4 orc wizards
  4 gnolls
  8 adders
  2 white imps
  An ufetubus (D:6)
  2 worms
  A dart slug (D:1)
  25 orcs
  5 bats
  3 endoplasms
  4 giant cockroaches
  4 goblins
  7 hobgoblins
  7 jackals (D:3)
  3 quokkas
  4 ball pythons
  4 frilled lizards
  9 kobolds
  3 rats
126 creatures vanquished.

Notes
Turn   | Place    | Note
-------+----------+-------------------------------------------
     0 | D:1      | hawla the Meteoran Air Elementalist began the quest for the
                  | Orb.
     0 | D:1      | Reached XP level 1. HP: 14/14 MP: 5/5
    72 | D:1      | Reached XP level 2. HP: 19/20 MP: 4/6
    83 | D:1      | Reached skill level 4 in Air Magic
   118 | D:1      | Learned a level 2 spell: Static Discharge
   189 | D:1      | Found a faded altar of an unknown god.
   214 | D:1      | Reached XP level 3. HP: 4/26 MP: 4/8
   534 | D:2      | Reached XP level 4. HP: 14/33 MP: 7/10
  1020 | D:3      | Reached skill level 1 in Long Blades
  1021 | D:3      | Reached XP level 5. HP: 31/39 MP: 1/11
  1026 | D:3      | Learned a level 4 spell: Airstrike
  1050 | D:3      | Reached skill level 5 in Air Magic
  1683 | D:3      | Glimpsed the power of Zot.
  1802 | D:4      | Reached skill level 6 in Air Magic
  1802 | D:4      | Reached XP level 6. HP: 43/46 MP: 12/12
  1920 | D:4      | Reached skill level 7 in Air Magic
  2037 | D:4      | Noticed Sigmund
  2039 | D:4      | Killed Sigmund
  2040 | D:4      | Reached skill level 8 in Air Magic
  2040 | D:4      | Reached XP level 7. HP: 51/51 MP: 8/13
  2253 | D:4      | Noticed Pikel
  2255 | D:4      | Killed Pikel
  2256 | D:4      | Reached skill level 10 in Air Magic
  2256 | D:4      | Reached XP level 8. HP: 58/58 MP: 10/14
  2278 | D:4      | Glimpsed the power of Zot.
  2299 | D:5      | Entered Level 5 of the Dungeon
  2357 | D:5      | Found a staircase to the Ecumenical Temple.
  2381 | Temple   | Entered the Ecumenical Temple
  2438 | Temple   | Became a worshipper of Vehumet
  2552 | D:5      | Reached skill level 1 in Fighting
  2552 | D:5      | Reached skill level 11 in Air Magic
  2571 | D:5      | Gained mutation: You passively map the area around you.
                  | [Meteoran growth]
  2571 | D:5      | Reached XP level 9. HP: 44/64 MP: 9/16
  2965 | D:6      | Reached skill level 5 in Spellcasting
  3082 | D:6      | Reached * piety under Vehumet
  3082 | D:6      | Offered knowledge of Sandblast by Vehumet.
  3474 | D:7      | Noticed Maggie
  3481 | D:7      | Killed Maggie
  3638 | D:7      | Reached XP level 10. HP: 36/72 MP: 15/20
  3663 | D:7      | HP: 2/73 [wyvern (12)]
  3664 | D:7      | Gained mutation: You passively dampen the noise of your
                  | surroundings. [potion of mutation]
  3664 | D:7      | Gained mutation: You are partially covered in iridescent
                  | scales. (AC +2) [potion of mutation]
  3664 | D:7      | Gained mutation: You are clumsy. (Dex -2) [potion of
                  | mutation]
  3664 | D:7      | Slain by a wyvern

Illustrated notes

Levels and vault maps discovered:
D:1:      roderic_chinese_lattice_arrival, layout_rooms,
          shapermc_ecumenical_altar_totnotflames
D:2:      layout_rooms
D:3:      layout_basic, serial_park_tiny_2
D:4:      layout_basic, serial_corexii_hall, chequers_hall_statues_y,
          chequers_hall_statues_corner_a, corexii_hall_statues_i,
          chequers_hall_statues_corner_a, minmay_close_crescents, uniq_pikel,
          uniq_sigmund
D:5:      layout_rooms, minmay_temple_entry_statues_fountains,
          hangedman_abyss_or_decor_passed, kennysheep_generic_room_8
D:6:      layout_basic
D:7:      layout_loops_corners, kennysheep_small_circle, uniq_maggie
Temple:   grunt_wide_crystal_templ

Skill      XL: |  1  2  3  4  5  6  7  8  9 |
---------------+----------------------------+-----
Air Magic      | 4 6 8 10 11 | 11.8
Spellcasting   | 3 4 6 |  6.4
Conjurations   | 2 3 |  3.9
Long Blades    | 1 2 4 |  4.5
Fighting       | 1 2 |  2.2
Dodging        | 3 4 |  4.3
Stealth        | |  1.4

Action                   |  1- 3 |  4- 6 |  7- 9 | 10-12 || total
-------------------------+-------+-------+-------+-------++-------
Melee: Unarmed           |     1 |       |       |       ||     1
       Long sword        |    15 |    41 |    76 |       ||   132
 Cast: Shock             |    28 |    28 |    15 |     1 ||    72
       Static Discharge  |     6 |     9 |    43 |     2 ||    60
       Airstrike         |       |     4 |    12 |     1 ||    17
  Use: Scroll            |     3 |     2 |     5 |       ||    10
       Potion            |       |       |       |     1 ||     1
Armor: Robe              |     7 |    26 |    25 |       ||    58
Dodge: Dodged            |    21 |    45 |    80 |     1 ||   147
